[Event "*** Titled Tuesday Blitz"]
[Site "Chess.com"]
[Date "2020.04.21"]
[Round "1"]
[White "GOGIEFF"]
[Black "dimke2802"]
[Result "1-0"]
[WhiteElo "2956"]
[BlackElo "2467"]
[TimeControl "180+1"]
[EndTime "10:06:30 PDT"]
[Termination "GOGIEFF won by resignation"]

1. d4 Nf6 2. c4 g6 3. Nc3 Bg7 4. e4 d6 5. f3 O-O 6. Nge2 c5 7.
d5 e6 8. Ng3 exd5 9. cxd5 a6 10. a4 Nbd7 11. Be2 h5 12. Bg5 Qe8 13. Qd2 Nh7 14.
Bh6 h4 15. Bxg7 Kxg7 16. Nf1 f5 17. Ne3 Ne5 18. f4 Nf7 19. g4 fxe4 20. g5 Bf5 21. a5 Qd7 22. Na4 Rae8 23. Nb6 Qe7 24. b4 cxb4 25. Qxb4 Nhxg5 26. fxg5 Nxg5 27. O-O-O Nf3 28. Kb1 Qg5 29. Nbc4 Rc8 30. Qxd6 Rfd8 31. Qb6 Qe7 32. Nxf5+ gxf5 33. Rhg1+ Kh7 34. Qg6+ Kh8 35. Qh6+ Qh7 36. Qf6+ 1-0

[Event "*** Titled Tuesday Blitz"]
[Site "Chess.com"]
[Date "2020.04.21"]
[Round "1"]
[White "losersgame"]
[Black "DrMelekess"]
[Result "0-1"]
[WhiteElo "2373"]
[BlackElo "2709"]
[TimeControl "180+1"]
[EndTime "10:06:30 PDT"]
[Termination "DrMelekess won on time"]

1. d4 d5 2. c4 c6 3. Nf3 Nf6 4. Nc3 dxc4 5. a4 Bf5 6. Ne5 e6 7. f3 Bb4 8. e4 Bxe4 9. fxe4 Nxe4 10. Qf3 Qxd4 11. Qxf7+ Kd8 12. Bg5+ Kc8 13. Qxe6+ Nd7 14.
Qxd7+ Qxd7 15. Nxd7 Nxc3 16. bxc3 Bxc3+ 17. Kd1 Bxa1 18. Nc5 h6 19. Bf4 Rd8+ 20. Kc2 Rd5 21. Ne6 b5 22. Be2 Be5 23. Bg4 Kb7 0-1

[Event "*** Titled Tuesday Blitz"]
[Site "Chess.com"]
[Date "2020.04.21"]
[Round "1"]
[White "TERMINATOR_PC"]
[Black "mrsavic77"]
[Result "0-1"]
[WhiteElo "2390"]
[BlackElo "2748"]
[TimeControl "180+1"]
[EndTime "10:06:31 PDT"]
[Termination "mrsavic77 won by resignation"]

1. e4 d5 2. exd5 Qxd5 3. Nc3 Qa5 4. d4 c6 5. Bc4 Bf5 6. Ne2 e6 7. O-O Nd7 8. Ng3 Bg6 9. Bd2 Qb6 10. Nce2 Bd6 11.
Bb3 Qc7 12. Re1 Ngf6 13. Qc1 O-O 14. Bf4 c5 15. Bxd6 Qxd6 16. c3 Rac8 17. Rd1 c4 18.
Bc2 Bxc2 19. Qxc2 b5 20. Ne4 Qc7 21. Nxf6+ Nxf6 22. Ng3 Rfd8 23. Ne4 Nxe4 24. Qxe4 Rd5 25. g3 Qd7 26. Rd2 e5 27. Rad1 Re8 28. Re1 Re6 29. Qg4 g6 30. Rde2 exd4 31. Rxe6 fxe6 32. cxd4 Rxd4 33. Qxe6+ Qxe6 34. Rxe6 Rd2 35. Ra6 Rxb2 36.
Rxa7 c3 37. Kg2 c2 38. Rc7 Rxa2 39. Kf3 b4 40. Ke3 b3 41. Ke2 0-1

[Event "*** Titled Tuesday Blitz"]
[Site "Chess.com"]
[Date "2020.04.21"]
[Round "1"]
[White "Grandmaster2B"]
[Black "Avileyshon7"]
[Result "0-1"]
[WhiteElo "2532"]
[BlackElo "2430"]
[TimeControl "180+1"]
[EndTime "10:06:32 PDT"]
[Termination "Avileyshon7 won by resignation"]

1. e4 c5 2. Nf3 d6 3. d4 cxd4 4. Nxd4 Nf6 5. Nc3 Nc6 6. f3 e5 7. Nb3 Be6 8. Bg5 Be7 9. Bxf6 gxf6 10. Nd5 f5 11. Be2 Rc8 12. c3 a5 13. a4 Rg8 14.
O-O f4 15. Kh1 Rg6 16. Qd2 Bh4 17. Rfd1 Bg3 18. h3 Qh4 19. Bf1 Bf2 20. Nxf4 exf4 21.
Qxd6 Bxh3 0-1

[Event "*** Titled Tuesday Blitz"]
[Site "Chess.com"]
[Date "2020.04.21"]
[Round "1"]
[White "TangyTacos"]
[Black "AttilaTurzo"]
[Result "0-1"]
[WhiteElo "1787"]
[BlackElo "2486"]
[TimeControl "180+1"]
[EndTime "10:06:32 PDT"]
[Termination "AttilaTurzo won by resignation"]

1. d4 d5 2. c4 c6 3. Nf3 Nf6 4. Nc3 a6 5. e3 Bf5 6. a4 e6 7. Nh4 Be4 8. f3 Bg6 9. Nxg6 hxg6 10. Bd3 Nbd7 11. Nxd5 exd5 12. Bd2 Bd6 13. Qb3 Qc7 14. O-O-O O-O 15. Kb1 dxc4 16. Bxc4 b5 17. axb5 axb5 18. Bd3 c5 19. Rc1 c4 20. Qxb5 Qa7 21. Qxc4 Nb6 22. Qb3 Rfb8 23. Bxg6 Na4 24. Qxf7+ Qxf7 25. Bxf7+ Kxf7 26. Rc2 Ba3 27. Rc7+ Kg8 28. b4 Bxb4 29. Bxb4 Rxb4+ 30. Kc2 Rb2+ 31. Kd3 Rab8 32. Rhc1 R8b3+ 33. R1c3 Nxc3 34. Rxc3 Rxc3+ 35. Kxc3 Rxg2 36. Kc4 Rxh2 37. d5 Rh5 38. e4 Kf7 39. Kd4 g5 40. e5 Nxd5 41.
Kxd5 Rh3 42. e6+ Ke7 43. Ke5 Rxf3 44. Ke4 Rf8 0-1

[Event "*** Titled Tuesday Blitz"]
[Site "Chess.com"]
[Date "2020.04.21"]
[Round "1"]
[White "penguingm1"]
[Black "TengisChess"]
[Result "1-0"]
[WhiteElo "2851"]
[BlackElo "2446"]
[TimeControl "180+1"]
[EndTime "10:06:33 PDT"]
[Termination "penguingm1 won by checkmate"]

1. d4 Nf6 2. c4 g6 3. f3 Bg7 4. e4 O-O 5. Nc3 c6 6. Be3 d5 7. e5 Nfd7 8. f4 dxc4 9. Bxc4 Nb6 10. Bb3 a5 11. Nf3 Bg4 12. O-O Nd5 13. Bxd5 cxd5 14.
Qb3 Bxf3 15. Rxf3 e6 16. g4 Nc6 17. f5 Qh4 18. f6 Bh6 19. Qd1 Qxg4+ 20. Kh1 Bxe3 21.
Rxe3 Qxd4 22. Qe2 Qh4 23. Rg1 Nd4 24. Qd3 Nf5 25. Rh3 Qd4 26. Qe2 Kh8 27. Rg4 Qb6 28. Qd2 Rfc8 29. Rgh4 h5 30. Rxh5+ gxh5 31. Rxh5+ Kg8 32.
Qg5+ Kf8 33. Rh8# 1-0

[Event "*** Titled Tuesday Blitz"]
[Site "Chess.com"]
[Date "2020.04.21"]
[Round "1"]
[White "Mizner"]
[Black "WinstonSilvakov"]
[Result "0-1"]
[WhiteElo "2513"]
[BlackElo "2146"]
[TimeControl "180+1"]
[EndTime "10:06:33 PDT"]
[Termination "WinstonSilvakov won on time"]

1. e4 Nf6 2. e5 Nd5 3. d4 d6 4.
c4 Nb6 5. f4 dxe5 6. fxe5 c5 7.
d5 e6 8. Nc3 exd5 9. cxd5 c4 10. Bf4 Bb4 11. Bxc4 O-O 12. Bb3 Na6 13. Ne2 Nc5 14.
O-O Nxb3 15. Qxb3 Bc5+ 16. Kh1 Qh4 17. Bg3 Qh5 18. Nf4 Qh6 19. Ne4 Bd4 20. Ne2 Be3 21. Rf3 Bg5 22. Nxg5 Qxg5 23. Bf4 Qh5 24. Ng3 Qg6 25.
h3 h5 26. Raf1 h4 27. Ne2 Bf5 28. Nd4 Be4 29. d6 Bd5 30. Qd1 Rac8 31. R3f2 Rc4 32. b3 Rc3 0-1

[Event "*** Titled Tuesday Blitz"]
[Site "Chess.com"]
[Date "2020.04.21"]
[Round "1"]
[White "lukas_111111"]
[Black "mshuaau0"]
[Result "1-0"]
[WhiteElo "2519"]
[BlackElo "2114"]
[TimeControl "180+1"]
[EndTime "10:06:33 PDT"]
[Termination "lukas_111111 won by resignation"]

1. e4 e5 2. Nf3 Nc6 3. Bc4 Nf6 4.
d3 Be7 5. O-O O-O 6. Re1 d6 7.
a4 Bg4 8. c3 Qd7 9. Nbd2 Be6 10. a5 a6 11. b4 Rfe8 12. Qb3 Bxc4 13. Nxc4 Bf8 14. Bg5 Nh5 15. Ne3 h6 16. Bh4 Nf4 17. Rad1 Qe6 18. Qxe6 Rxe6 19. Nd5 Rc8 20. Bg3 g5 21. h4 g4 22. Nh2 h5 23. Bxf4 exf4 24.
Nxf4 Rh6 25. d4 Bg7 26. f3 gxf3 27. Nxf3 Bf6 28. Nd5 Ne7 29. Nxf6+ Rxf6 30. e5 dxe5 31. Rxe5 Nf5 32. Rde1 Kg7 33. Re8 Rxe8 34. Rxe8 Rc6 35.
Re5 Kg6 36. Rc5 Rxc5 37. dxc5 Ne3 38. c6 bxc6 39. Ne5+ Kf6 40. Nxc6 Nd5 41. c4 Ne3 42. b5 Nxc4 43. bxa6 Nxa5 44. Nxa5 1-0

[Event "*** Titled Tuesday Blitz"]
[Site "Chess.com"]
[Date "2020.04.21"]
[Round "1"]
[White "Chichin_chao"]
[Black "ftorodent"]
[Result "0-1"]
[WhiteElo "2339"]
[BlackElo "2664"]
[TimeControl "180+1"]
[EndTime "10:06:34 PDT"]
[Termination "ftorodent won by resignation"]

1. e4 c5 2. Nf3 e6 3. b3 Nf6 4. e5 Nd5 5. Bb2 Nc6 6. g3 Be7 7. Bg2 O-O 8. O-O f6 9. exf6 Bxf6 10. Bxf6 Qxf6 11. c3 d6 12. a4 e5 13. h3 Be6 14.
Na3 Qh6 15. Nh2 Nf6 16. h4 d5 17. Qe2 Rae8 18. Nb5 Re7 19. Qe3 Qxe3 20. dxe3 a6 21. Na3 e4 22. Rab1 Ne5 23. b4 c4 24. Nc2 Nfg4 25.
Nd4 Nxh2 26. Kxh2 Bg4 27. b5 a5 28. Bh3 Ref7 29. Bxg4 Nxg4+ 30. Kg1 Rxf2 31. Rxf2 Rxf2 32. b6 Ra2 33. Rb5 Rxa4 34. Rxd5 Ra1+ 0-1

[Event "*** Titled Tuesday Blitz"]
[Site "Chess.com"]
[Date "2020.04.21"]
[Round "1"]
[White "Philosopherrr"]
[Black "powermove"]
[Result "1-0"]
[WhiteElo "2479"]
[BlackElo "1577"]
[TimeControl "180+1"]
[EndTime "10:06:34 PDT"]
[Termination "Philosopherrr won by resignation"]

1. Nf3 Nf6 2. g3 g6 3. Bg2 Bg7 4. O-O O-O 5. c4 d6 6. Nc3 Nc6 7. b3 a6 8. Bb2 Rb8 9. Rc1 Bd7 10. d4 b5 11. cxb5 axb5 12. d5 Na5 13. Nd4 e5 14. Nc2 Nh5 15. Nb4 f5 16. e3 Qg5 17.
f4 Qe7 18. Qd2 Rfe8 19. Nd1 Nb7 20. Rxc7 Qd8 21. Rc2 Nc5 22. Nc6 Bxc6 23. dxc6 Qb6 24. Qxd6 Ne4 25. Bxe4 fxe4 26. Qd5+ Kh8 27. fxe5 Rbd8 28.
Qxe4 Nf6 29. exf6 Rxe4 30. fxg7+ Kg8 31. c7 Rc8 32. Rf8+ Rxf8 33. gxf8=Q+ Kxf8 34. c8=Q+ Kf7 35. Rc7+ 1-0

[Event "*** Titled Tuesday Blitz"]
[Site "Chess.com"]
[Date "2020.04.21"]
[Round "1"]
[White "Ceejay271"]
[Black "WhiteKnight2612"]
[Result "0-1"]
[WhiteElo "2309"]
[BlackElo "2651"]
[TimeControl "180+1"]
[EndTime "10:06:35 PDT"]
[Termination "WhiteKnight2612 won by checkmate"]

1. d4 d5 2. c4 e6 3. Nf3 Nf6 4. Nc3 Be7 5. Bg5 O-O 6. e3 a6 7.
c5 Nbd7 8. Bd3 Re8 9. O-O b6 10. c6 Nf8 11. Ne5 h6 12. Bh4 N6h7 13.
Bxe7 Qxe7 14. Rc1 f6 15. Ng6 Qd6 16. Nxf8 Nxf8 17. e4 dxe4 18. Bxe4 e5 19. dxe5 Qxe5 20. Re1 Kh8 21. Nd5 Be6 22. Bf3 Qd6 23. a3 Rad8 24.
Ne3 Qf4 25. Qe2 Bf7 26. g3 Qa4 27. Red1 Ne6 28. Rxd8 Rxd8 29. Rd1 Nd4 30. Rxd4 Qxd4 31. Kg2 a5 32. h4 Qd2 33. Qb5 Re8 34. Ng4 Be6 35.
Nh2 Rd8 36. Nf1 Qd3 37. Qh5 Bd5 38. Ne3 Bxf3+ 39. Qxf3 Qd4 40. Kh2 Qxb2 41. Nf5 Qe5 42. Qg4 Rg8 43. h5 Qe8 44. Kg2 Qxc6+ 45. Kh3 b5 46.
Ne7 Qh1# 0-1

[Event "*** Titled Tuesday Blitz"]
[Site "Chess.com"]
[Date "2020.04.21"]
[Round "1"]
[White "queen_iryna"]
[Black "Gentlejimmy7"]
[Result "0-1"]
[WhiteElo "2278"]
[BlackElo "2612"]
[TimeControl "180+1"]
[EndTime "10:06:35 PDT"]
[Termination "Gentlejimmy7 won by resignation"]

1. d4 Nf6 2. Bg5 d5 3. Nc3 Nbd7 4. Nf3 Ne4 5. Nxe4 dxe4 6. Ng1 g6 7. Qd2 Bg7 8. O-O-O h6 9. Bf4 c5 10. dxc5 e5 11.
Bg3 f5 12. e3 O-O 13. Bc4+ Kh7 14. Be6 f4 15. Bxd7 fxg3 16. hxg3 Bxd7 17. Qxd7 Qa5 18. Qe6 Rxf2 19. Nh3 Raf8 20. Nxf2 Rxf2 21. Rd7 Qxc5 22. Rxh6+ Kxh6 23. Qh3+ Kg5 24. Qh4+ Kf5 25. g4+ Ke6 26. Qxf2 Kxd7 27. Qf7+ Qe7 28. Qd5+ Kc8 29. Qxe4 Qd7 30. Qxg6 a6 31. Qe4 Qc6 32. Qf5+ Kb8 33.
Qf3 Qxf3 34. g3 Qxe3+ 0-1

[Event "*** Titled Tuesday Blitz"]
[Site "Chess.com"]
[Date "2020.04.21"]
[Round "1"]
[White "Firehand33"]
[Black "woodhy"]
[Result "1-0"]
[WhiteElo "2616"]
[BlackElo "2271"]
[TimeControl "180+1"]
[EndTime "10:06:35 PDT"]
[Termination "Firehand33 won by checkmate"]

1. b3 e5 2. Bb2 d6 3. e3 Nf6 4. c4 c5 5. Nc3 Nc6 6. Nge2 g6 7. g3 Bg7 8. Bg2 O-O 9. O-O Be6 10. Nd5 Qd7 11. f4 Ne7 12. Nxe7+ Qxe7 13. fxe5 dxe5 14. Bxe5 Rad8 15. Nc3 Ng4 16. Bxg7 Kxg7 17. Qe2 Qg5 18. Ne4 Qe5 19. h3 f5 20. Ng5 Nf6 21. Nxe6+ Qxe6 22. Bxb7 f4 23. g4 fxe3 24. Qxe3 Qd7 25. Bg2 Qxd2 26. Qxc5 Rf7 27. Rf2 Qd6 28. Qxd6 Rxd6 29. Raf1 Re7 30. g5 Nh5 31. Bd5 Rdd7 32. Kg2 h6 33. h4 hxg5 34.
hxg5 a5 35. Rf8 Rc7 36. Rg8+ Kh7 37. Rff8 Nf4+ 38. Rxf4 Re5 39. Rh4# 1-0

[Event "*** Titled Tuesday Blitz"]
[Site "Chess.com"]
[Date "2020.04.21"]
[Round "1"]
[White "ChessicallyInclined"]
[Black "Kawhi_Leonard2"]
[Result "1-0"]
[WhiteElo "2607"]
[BlackElo "2266"]
[TimeControl "180+1"]
[EndTime "10:06:35 PDT"]
[Termination "ChessicallyInclined won by resignation"]

1. d4 Nf6 2. c4 c5 3. d5 e6 4. Nc3 exd5 5. cxd5 d6 6. e4 g6 7. Nge2 Bg7 8. Ng3 O-O 9. Be2 a6 10. a4 Nbd7 11. O-O Re8 12. Bg5 Qc7 13. Qd2 Rb8 14. Bh6 Bh8 15. h4 Ne5 16. h5 Bd7 17. Qg5 b5 18. axb5 axb5 19. f3 b4 20.
Nd1 c4 21. Ne3 c3 22. f4 cxb2 23. Rab1 Nc6 24. dxc6 Bxc6 25. hxg6 hxg6 26. Bc4 d5 27. Nxd5 Bxd5 28. Bxd5 Qc5+ 29. Kh1 Nxd5 30. exd5 Re3 31.
f5 Rxg3 32. Qxg3 Qxd5 33. Qxb8+ Kh7 34. Qh2 1-0

[Event "*** Titled Tuesday Blitz"]
[Site "Chess.com"]
[Date "2020.04.21"]
[Round "1"]
[White "Vuk2000"]
[Black "PredragNikac"]
[Result "1-0"]
[WhiteElo "2602"]
[BlackElo "2256"]
[TimeControl "180+1"]
[EndTime "10:06:35 PDT"]
[Termination "Vuk2000 won by resignation"]

1. d4 c5 2. d5 e6 3. e4 Bd6 4. c4 Nf6 5. Nc3 Be5 6. Qc2 O-O 7.
Bd3 d6 8. Nge2 exd5 9. exd5 Na6 10. a3 g6 11. O-O Ng4 12. h3 Qh4 13. f4 Bd4+ 14. Nxd4 cxd4 15. hxg4 dxc3 16. Qxc3 Bxg4 17. b4 Rac8 18. Qd4 b6 19. f5 Qh5 20. Bb2 f6 21.
fxg6 hxg6 22. Rxf6 Rxf6 23. Qxf6 Qh6 24. Re1 Rf8 25.
Qxd6 Nb8 26. Qxg6+ Qxg6 27. Bxg6 Nd7 28. Re7 Rf4 29.
d6 1-0

[Event "*** Titled Tuesday Blitz"]
[Site "Chess.com"]
[Date "2020.04.21"]
[Round "1"]
[White "Saxar85"]
[Black "leoduarte"]
[Result "1-0"]
[WhiteElo "2585"]
[BlackElo "2228"]
[TimeControl "180+1"]
[EndTime "10:06:35 PDT"]
[Termination "Saxar85 won on time"]

1. Nf3 c5 2. b3 Nc6 3. Bb2 e6 4. e3 Nf6 5. d4 Be7 6. Bd3 O-O 7.
O-O b6 8. c4 d5 9. Nbd2 Bb7 10.
Rc1 Rc8 11. Qe2 Qd7 12. Ne5 Nxe5 13. dxe5 Ne4 14. f4 Nxd2 15. Qxd2 Rfd8 16. Rfd1 Qe8 17. Qe2 Qf8 18. f5 exf5 19. Bxf5 Ra8 20. Rf1 Bg5 21. e6 g6 22. Bxg6 hxg6 23. Rxf7 Qh6 24. Rcf1 Bxe3+ 25. Kh1 d4 26. Rxb7 d3 27. Qf3 Rf8 28.
Rf7 Bd4 29. Bxd4 cxd4 30. e7 Rfe8 31. Qd5 1-0

[Event "*** Titled Tuesday Blitz"]
[Site "Chess.com"]
[Date "2020.04.21"]
[Round "1"]
[White "CraiggoryC"]
[Black "Ranindu2003"]
[Result "0-1"]
[WhiteElo "2067"]
[BlackElo "2510"]
[TimeControl "180+1"]
[EndTime "10:06:35 PDT"]
[Termination "Ranindu2003 won on time"]

1. e4 g6 2. d4 Bg7 3. Nc3 d6 4. Be3 a6 5. a4 b6 6. g3 Bb7 7.
Bg2 Nd7 8. Nge2 h6 9. O-O Ngf6 10. h3 c5 11. a5 cxd4 12. Nxd4 b5 13. e5 dxe5 14.
Bxb7 exd4 15. Bxd4 Rb8 16. Bxa6 b4 17. Ne2 O-O 18. b3 Qc7 19. Bc4 Rfd8 20. Qc1 e5 21.
Be3 Nc5 22. Bxh6 Nfe4 23. Bxg7 Kxg7 24. Rd1 Nd6 25. Bd5 Nb5 26. a6 Rb6 27. a7 Nxa7 28.
Qe3 Nb5 29. c4 bxc3 30. Nxc3 Nd4 31. Bc4 Rf6 32. Be2 Nc2 33. Qg5 Nxa1 34. Rxa1 Ne6 0-1

[Event "*** Titled Tuesday Blitz"]
[Site "Chess.com"]
[Date "2020.04.21"]
[Round "1"]
[White "harkerchess"]
[Black "Problematique_99"]
[Result "0-1"]
[WhiteElo "1950"]
[BlackElo "2495"]
[TimeControl "180+1"]
[EndTime "10:06:35 PDT"]
[Termination "Problematique_99 won by resignation"]

1. d4 Nf6 2. Bg5 e6 3. e4 h6 4. Bxf6 Qxf6 5. Nf3 d6 6. Nc3 Nd7 7. Bd3 g5 8. h3 Bg7 9. Qe2 a6 10. O-O-O Qe7 11. Rhe1 b5 12. e5 d5 13. Nb1 c5 14.
c3 c4 15. Bc2 b4 16. Qd2 Rb8 17. cxb4 Rxb4 18. Qc3 Nb6 19. a3 Rb5 20. Nbd2 Bd7 21. Kb1 O-O 22. Ka2 Rb8 23. Rb1 Bf8 24. Red1 Bc6 25. Ne1 Nd7 26. g3 f6 27. f4 fxe5 28.
fxe5 Nb6 29. Nef3 Be8 30. h4 Qg7 31. hxg5 hxg5 32. Rh1 Bg6 33. Bxg6 Qxg6 34. Rh2 Na4 35. Qe3 Rxb2+ 36. Rxb2 Rxb2+ 37. Ka1 c3 38. Ne4 dxe4 39. Rxb2 cxb2+ 40. Kb1 exf3+ 0-1

[Event "*** Titled Tuesday Blitz"]
[Site "Chess.com"]
[Date "2020.04.21"]
[Round "1"]
[White "Bacyanide"]
[Black "KuzubovYuriy"]
[Result "0-1"]
[WhiteElo "2394"]
[BlackElo "2758"]
[TimeControl "180+1"]
[EndTime "10:06:36 PDT"]
[Termination "KuzubovYuriy won by checkmate"]

1. d4 Nf6 2. c4 e6 3. Nf3 d5 4. g3 Be7 5. Bg2 O-O 6. O-O dxc4 7. Qc2 a6 8. a4 Bd7 9. Qxc4 Bc6 10. Bg5 Bd5 11. Qd3 Be4 12. Qd1 c5 13. Nc3 Bxf3 14.
Bxf3 cxd4 15. Bxf6 Bxf6 16. Ne4 Be7 17. Rc1 Qb6 18.
Qd2 Nc6 19. Rfd1 Bb4 20. Qd3 h6 21. Qb3 Rad8 22. Nd2 Na5 23. Qd3 Bxd2 24. Rxd2 Nb3 25. Rc4 Nxd2 26. Qxd2 a5 27. Be4 f5 28. Bd3 e5 29.
Rc2 e4 30. Bc4+ Kh8 31. h4 f4 32. gxf4 Qf6 33. e3 Qxh4 34. exd4 Rxf4 35. Qe3 Rf3 36. Qe2 Qg4+ 37. Kf1 e3 38. Qd3 Rdf8 39. Bd5 Rxf2+ 40. Ke1 Qg1+ 41. Qf1 Qxf1# 0-1

[Event "*** Titled Tuesday Blitz"]
[Site "Chess.com"]
[Date "2020.04.21"]
[Round "1"]
[White "Alopekos"]
[Black "Zurability"]
[Result "0-1"]
[WhiteElo "2385"]
[BlackElo "2736"]
[TimeControl "180+1"]
[EndTime "10:06:38 PDT"]
[Termination "Zurability won by resignation"]

1. e4 c5 2. Nc3 d6 3. Nge2 Nf6 4. d4 cxd4 5. Nxd4 a6 6. Be3 e5 7. Nb3 Be6 8. f4 exf4 9. Bxf4 Nc6 10. Qd2 Be7 11.
O-O-O O-O 12. Bxd6 Bxd6 13. Qxd6 Qb6 14. Qc5 Qc7 15.
Qd6 Qb6 16. Nd5 Bxd5 17. exd5 Qe3+ 18. Kb1 Rad8 19. Qc5 Nxd5 20. Rxd5 Qxc5 21. Rxc5 Rd1+ 22. Nc1 Re8 23. b3 Ree1 24. Kb2 Rxc1 25. Rf5 g6 26. Rf2 Nb4 27. a3 Nd5 28. Be2 0-1

[Event "*** Titled Tuesday Blitz"]
[Site "Chess.com"]
[Date "2020.04.21"]
[Round "1"]
[White "Swarnapuri"]
[Black "UmutErdemGunduz"]
[Result "1-0"]
[WhiteElo "2716"]
[BlackElo "2376"]
[TimeControl "180+1"]
[EndTime "10:06:38 PDT"]
[Termination "Swarnapuri won on time"]

1. d4 Nf6 2. Bf4 e6 3. e3 c5 4. Nf3 b6 5. Nc3 Be7 6. Nb5 Nd5 7. Nd6+ Kf8 8. Bg3 Ba6 9. c4 Nb4 10. a3 N4c6 11. Rc1 h5 12. h4 g6 13. Qc2 cxd4 14.
exd4 Kg7 15. d5 exd5 16. cxd5 Bxd6 17. Bxd6 Re8+ 18. Kd1 Qf6 19. Qc3 Bxf1 20. Rxf1 Na5 21. Be5 Rxe5 22. Qxe5 Na6 23. b4 Nb3 24. Qxf6+ Kxf6 25. Rc3 1-0

[Event "*** Titled Tuesday Blitz"]
[Site "Chess.com"]
[Date "2020.04.21"]
[Round "1"]
[White "IAgrest"]
[Black "Unknown_IM"]
[Result "0-1"]
[WhiteElo "2282"]
[BlackElo "2628"]
[TimeControl "180+1"]
[EndTime "10:06:38 PDT"]
[Termination "Unknown_IM won by resignation"]

1. e4 c5 2. Nf3 e6 3. d4 cxd4 4. Nxd4 Nf6 5. Nc3 Nc6 6. Be3 Bb4 7. Qd2 Nxe4 8. Qd3 Nxc3 9. bxc3 Be7 10. Be2 O-O 11.
O-O d5 12. Rab1 e5 13. Nf5 Bf6 14. Rfd1 Be6 15. Bc5 e4 16. Qh3 Re8 17. Bg4 b6 18.
Be3 Bxc3 19. Bxb6 Qf6 20. Bc5 Ne5 21. Qxc3 Nxg4 22. Qxf6 Nxf6 23. Nd4 Bg4 24. Re1 Nd7 25. Bd6 Nb6 26. h3 Bd7 27. Bc5 Na4 28. Bb4 Rab8 29. a3 Nb6 30. Bd6 Rbc8 31. Re2 Nc4 32. Bb4 a5 33.
Bd6 Nxd6 0-1

[Event "*** Titled Tuesday Blitz"]
[Site "Chess.com"]
[Date "2020.04.21"]
[Round "1"]
[White "calin_dragomirescu"]
[Black "Leonid_Starozhilov"]
[Result "0-1"]
[WhiteElo "2305"]
[BlackElo "2631"]
[TimeControl "180+1"]
[EndTime "10:06:39 PDT"]
[Termination "Leonid_Starozhilov won by resignation"]

1. Nf3 d5 2. c4 e6 3. g3 Nf6 4.
Bg2 Be7 5. O-O O-O 6. d4 Nbd7 7. Qc2 a6 8. Nbd2 c6 9. e4 dxe4 10. Nxe4 Nxe4 11. Qxe4 Nf6 12. Qc2 c5 13. Rd1 cxd4 14. Nxd4 Qa5 15. Bd2 Qh5 16. Nf3 e5 17. Bg5 Bg4 18.
Bxf6 Bxf6 19. Qe4 Rac8 20. Re1 Bf5 21. Qe2 e4 22. Nd2 Bg4 23. Qxe4 Bxb2 24. Rab1 Bc3 25. Qd3 Ba5 26. f3 Bf5 27. Qe2 Bxb1 28. Rxb1 Qc5+ 29. Kh1 Bxd2 30. Qxd2 Qxc4 31. f4 b5 32. Bd5 Qc3 33. Qg2 Qe3 34. Bb3 Rc1+ 35. Rxc1 Qxc1+ 36. Qg1 Qxg1+ 37. Kxg1 Rd8 38. Kf2 a5 39. h4 a4 0-1

[Event "*** Titled Tuesday Blitz"]
[Site "Chess.com"]
[Date "2020.04.21"]
[Round "1"]
[White "Richarzard69"]
[Black "Kavyev_Ruslan"]
[Result "1/2-1/2"]
[WhiteElo "2244"]
[BlackElo "2581"]
[TimeControl "180+1"]
[EndTime "10:06:39 PDT"]
[Termination "Game drawn by repetition"]

1. Nf3 Nf6 2. c4 g6 3. Nc3 d5 4. cxd5 Nxd5 5. e4 Nxc3 6. dxc3 Qxd1+ 7. Kxd1 f6 8. h4 e5 9. h5 g5 10. Be3 h6 11. Bc4 Nd7 12. a4 Bc5 13. Re1 c6 14.
Kc2 Bxe3 15. Rxe3 Nc5 16. a5 a6 17. b4 Ne6 18. Rd1 Nf4 19. g3 Nxh5 20. Nd2 Ng7 21.
Nb3 Be6 22. Bxe6 Nxe6 23. Red3 Rd8 24. Rxd8+ Nxd8 25. Nc5 Rh7 26. Rd6 Rf7 27. g4 Ke7 28. Rd7+ Ke8 29. Rd6 Rf8 30. f3 Rf7 31. c4 Ke7 32. Rd7+ Ke8 33. Rd6 Rf8 34. Kc3 Rf7 35.
Kb3 Rf8 36. Ka4 Rf7 37. b5 cxb5+ 38. cxb5 Rc7 39. Kb4 Ke7 40. Re6+ Kf7 41. Rb6 axb5 42. Kxb5 Ke7 43. Kb4 Nc6+ 44. Kb5 Nd8 45. Kb4 Rc6 46.
Kb5 Rc7 1/2-1/2

[Event "*** Titled Tuesday Blitz"]
[Site "Chess.com"]
[Date "2020.04.21"]
[Round "1"]
[White "Vesper2018"]
[Black "Kingsman132"]
[Result "0-1"]
[WhiteElo "1965"]
[BlackElo "2495"]
[TimeControl "180+1"]
[EndTime "10:06:39 PDT"]
[Termination "Kingsman132 won by checkmate"]

1. e4 e5 2. Nf3 Nc6 3. Bb5 a6 4. Ba4 Nf6 5. O-O b5 6. Bb3 Bc5 7. c3 d6 8. a4 Rb8 9. d4 Bb6 10. a5 Ba7 11. h3 O-O 12. Re1 h6 13. Be3 Ra8 14. d5 Bxe3 15. Rxe3 Ne7 16. c4 bxc4 17. Bxc4 Ng6 18. Nc3 Nf4 19. Ne2 N6h5 20. Ng3 Qf6 21. Nxh5 Nxh5 22. Nh2 Nf4 23. Rg3 Rb8 24.
b3 Qh4 25. Qf1 f5 26. exf5 Bxf5 27. Bxa6 Be4 28. Bc4 Bxd5 29. Rg4 Bxc4 30. Qxc4+ d5 31. Rxh4 dxc4 32. bxc4 Ne2+ 33. Kh1 Rxf2 34. a6 Ng3+ 35.
Kg1 Rbb2 36. Rg4 Rxg2# 0-1

[Event "*** Titled Tuesday Blitz"]
[Site "Chess.com"]
[Date "2020.04.21"]
[Round "1"]
[White "Funkmaus"]
[Black "AndrewMaco"]
[Result "0-1"]
[WhiteElo "2208"]
[BlackElo "2566"]
[TimeControl "180+1"]
[EndTime "10:06:40 PDT"]
[Termination "AndrewMaco won by resignation"]

1. d4 Nf6 2. Nf3 e6 3. g3 b5 4.
Bg2 Bb7 5. O-O Be7 6. c3 O-O 7.
Nbd2 c5 8. Re1 d5 9. Ne5 Nbd7 10. Ndf3 a5 11. h3 b4 12. Qa4 Nb6 13. Qc2 cxd4 14.
cxd4 Rc8 15. Qd3 Nc4 16. b3 Nd6 17. Bd2 Qb6 18. Rac1 Ba6 19. Qb1 Nde4 20. Bf1 Nxd2 21. Nxd2 Qxd4 22. Ndf3 Qb6 23. Rxc8 Rxc8 24. Rc1 Rc3 25.
Rxc3 bxc3 26. Qc2 Ne4 27. e3 h6 28. Nd7 Qa7 29. Nde5 Bf6 30. Nc6 Qb6 31. Ncd4 Bxf1 32. Kxf1 g6 33. Ne1 Bxd4 34. exd4 Qxd4 0-1

[Event "*** Titled Tuesday Blitz"]
[Site "Chess.com"]
[Date "2020.04.21"]
[Round "1"]
[White "Rsnr"]
[Black "ChrisTool2"]
[Result "1-0"]
[WhiteElo "2777"]
[BlackElo "2404"]
[TimeControl "180+1"]
[EndTime "10:06:41 PDT"]
[Termination "Rsnr won by resignation"]

1. d4 Nf6 2. c4 e6 3. Nf3 d5 4. g3 dxc4 5. Bg2 Nc6 6. Qa4 Bb4+ 7. Bd2 Nd5 8. Bxb4 Nxb4 9. O-O O-O 10. Na3 Rb8 11. Qb5 a6 12. Qxc4 b5 13. Qc5 Qd6 14. Rfc1 Bb7 15. Nc2 Qxc5 16. dxc5 Rfd8 17. a3 Nxc2 18.
Rxc2 Na5 19. Nd2 Bxg2 20. Kxg2 Rxd2 21. Rxd2 Nb3 22. Rad1 Nxd2 23. Rxd2 Kf8 24. Rd7 Rc8 25. c6 g5 26. Kf3 h6 27. Ke4 Kg7 28. Ke5 Kg6 29.
g4 f6+ 30. Kxe6 Re8+ 31. Re7 Rd8 32. Rxc7 Rd2 33. e4 Rxf2 34. Re7 Rxb2 35. c7 Rc2 36. Kd7 Rd2+ 37. Ke8 Rc2 38. Kd8 h5 39. h3 hxg4 40. hxg4 a5 41. c8=Q Rxc8+ 42. Kxc8 1-0

[Event "*** Titled Tuesday Blitz"]
[Site "Chess.com"]
[Date "2020.04.21"]
[Round "1"]
[White "viktorskliarov"]
[Black "czasnaszachy"]
[Result "1-0"]
[WhiteElo "2680"]
[BlackElo "2351"]
[TimeControl "180+1"]
[EndTime "10:06:41 PDT"]
[Termination "viktorskliarov won by checkmate"]

1. e4 c5 2. Nf3 e6 3. c3 Nf6 4.
Bd3 Nc6 5. Bc2 d5 6. e5 Nd7 7. d4 Qb6 8. O-O Be7 9. a3 O-O 10. b4 cxd4 11. cxd4 a5 12. Qd3 g6 13. b5 Na7 14. a4 f5 15. exf6 Nxf6 16. Bh6 Re8 17.
Ne5 Ne4 18. Nd2 Nxd2 19. Qxd2 Bf6 20. Rfe1 Bxe5 21. Rxe5 Bd7 22. h4 Re7 23. h5 Be8 24. Ra3 Rc8 25. Rg3 Qc7 26. Bb1 Qd7 27. hxg6 hxg6 28.
Bxg6 Bxg6 29. Rxg6+ Kh8 30. Rh5 Rh7 31. Bg7+ Kg8 32.
Rxh7 Kxh7 33. Qh6+ Kg8 34. Be5+ Kf7 35. Rg7+ Ke8 36. Qh8# 1-0